 Dungeon Crawl Stone Soup version 0.30.0-13-g156ef70053 (webtiles) character file.

Game seed: 6270576467398915729

3 ProzacElf the Magician (level 1, -2/16 HPs)
             Began as a Demonspawn Wanderer on May 18, 2023.
             Frozen to death by an endoplasm (5 damage)
             ... on level 1 of the Dungeon.
             The game lasted 00:00:32 (178 turns).

ProzacElf the Magician (Demonspawn Wanderer)         Turns: 178, Time: 00:00:33

Health: -2/16      AC:  2    Str:  9    XL:     1   Next: 41%
Magic:  5/5        EV: 11    Int: 14    God:
Gold:   0          SH:  0    Dex: 14    Spells: 8/8 levels left

rFire   . . .        a - +0 spear
rCold   . . .        (no shield)
rNeg    . . .        e - +0 robe
rPois   .            (no helmet)
rElec   .            (no cloak)
rCorr   .            (no gloves)
SInv    .            (no boots)
Will    .....        (no amulet)
Stlth   +            (no ring)
HPRegen 0.22/turn    (no ring)
MPRegen 0.09/turn

%: no passive effects
@: no status effects
A: no striking features
a: no special abilities


You were on level 1 of the Dungeon.
You visited 1 branch of the dungeon, and saw 1 of its levels.

Inventory:

Hand Weapons
 a - a +0 spear (weapon)
 c - a +0 dagger
Missiles
 b - 13 poisoned darts (quivered)
Armour
 e - a +0 robe (worn)
Scrolls
 f - a scroll of magic mapping {unknown}
Potions
 d - a potion of attraction


   Skills:
 - Level 2.0 Fighting
 + Level 1.9 Polearms
 - Level 1.0 Throwing
 + Level 0.5 Stealth
 - Level 4.0 Spellcasting


You had 8 spell levels left.
You didn't know any spells.
Your spell library contained the following spells:

 Spells                   Type           Power      Damage    Failure   Level
 Kiss of Death            Conj/Necr      8%         2d6       19%         1
 Magic Dart               Conj           8%         1d3       19%         1
 Slow                     Hex            8%         N/A       19%         1
 Sting                    Tmut/Pois      8%         1d3       19%         1


Dungeon Overview and Level Annotations

Branches:
Dungeon (1/15)

Altars:


Message History

Found 12 gold pieces.
A quokka comes inta view.
Tha quokka twitches its whiskers.
Ye reach ta attack!
Ye closely miss tha quokka.
Tha endoplasm quivers.
Ye closely miss tha quokka.
Tha quokka bites ye.
Ye take 4 damage, an' haf 12/16 hp.
MASSIVE DAMAGE!!
Ye miss tha quokka.
Tha quokka bites ye.
Tha endoplasm closely misses ye.
Ye take 3 damage, an' haf 9/16 hp.
Tha quokka attacks as ye move away!
Tha quokka closely misses ye.
Tha endoplasm attacks as ye move away!
Tha endoplasm hits ye.
Tha quokka barely misses ye.
Ye take 1 damage, an' haf 8/16 hp.
Tha quokka attacks as ye move away!
Tha quokka closely misses ye.
Ye closely miss tha quokka.
Tha quokka barely misses ye.
Ye hit tha quokka.
Ye punch tha quokka.
Tha quokka be heavily wounded.
Tha quokka bites ye but does nay damage.
Tha quokka bites ye.
Ye take 2 damage, an' haf 7/16 hp.
Ye be too injured ta fight recklessly!
Ye be too injured ta fight recklessly!
Ye be too injured ta fight recklessly!
Ye be too injured ta fight recklessly!
Ye be too injured ta fight recklessly!
Ye hit tha quokka.
Tha quokka be heavily wounded.
Tha quokka misses ye.
Ye miss tha quokka.
Tha quokka be heavily wounded.
Tha quokka bites ye.
* * * LOW HITPOINT WARNIN'
* * * Ye take 5 damage, an' haf 2/16 hp.
MASSIVE DAMAGE!!
Ye hit tha quokka.
Ye kill tha quokka!
Ye hit tha endoplasm.
Tha endoplasm be heavily wounded.
Tha endoplasm freezes ye.
Ye be froz'n.
Ye die...

##..[##
####.~~~~...
#...#
#.......~
#...#
#.~≈~~~.~
#...#
#.~≈≈~~.~
##.##
#.≈≈≈≈~.≈
##.~~~~~.≈
#.........
#....#####
#@#### #J#
##.## #...#
#...# #...#
.....#
#...$.#
##....#


You could see an endoplasm.

Vanquished Creatures
  A goblin (D:1)
  A quokka (D:1)
  A bat (D:1)
3 creatures vanquished.

Notes
Turn   | Place    | Note
-------+----------+-------------------------------------------
     0 | D:1      | ProzacElf the Demonspawn Wanderer began the quest for the
                  | Orb.
     0 | D:1      | ProzacElf set off with the following items: a +0 spear, 13
                  | poisoned darts, a +0 dagger, a potion of attraction, a +0
                  | robe; and the following spells available to memorise: Kiss
                  | of Death, Magic Dart, Slow, Sting.
     0 | D:1      | Reached XP level 1. HP: 16/16 MP: 5/5
   178 | D:1      | Frozen to death by an endoplasm

Illustrated notes

Levels and vault maps discovered:
D:1:      evilmike_arrival_plus, layout_rooms, shapermc_ecumenical_altar_ellora,
          minivault_14, minmay_misc_feat_tower

Action                     || total
---------------------------++-------
  Melee: Spear             ||    20
         Punch             ||     1
 Armour: Robe              ||     8
  Dodge: Dodged            ||    12

Action                     || total
---------------------------++-------
  Melee: Spear             ||    20
         Punch             ||     1
 Armour: Robe              ||     8
  Dodge: Dodged            ||    12

Levels and vault maps discovered:
D:1:      evilmike_arrival_plus, layout_rooms, shapermc_ecumenical_altar_ellora,
          minivault_14, minmay_misc_feat_tower
